 Dungeon Crawl Stone Soup version 0.25-a0-1007-g10a8c3caa8 (webtiles) character file.

Game seed: 17250463950209489004, levelgen mode: deterministic

170 MisterFreud the Skirmisher (level 5, -1/46 HPs)
             Began as a Formicid Abyssal Knight on May 11, 2020.
             Was a Believer of Lugonu.
             Slain by a river rat (9 damage)
             ... on level 6 of the Dungeon.
             The game lasted 00:03:17 (2737 turns).

MisterFreud the Skirmisher (FoAK)                   Turns: 2737, Time: 00:03:17

Health: -1/46      AC:  3    Str: 17    XL:     5   Next: 80%
Magic:  6/6        EV: 11    Int: 12    God:    Lugonu [**....]
Gold:   171        SH:  0    Dex: 10    Spells: 4/4 levels left

rFire    . . .     SeeInvis +   a - +2 hand axe
rCold    . . .     Gourm    .   (no shield)
rNeg     + . .     Faith    .   b - +0 leather armour
rPois    .         Spirit   .   (helmet unavailable)
rElec    .         Reflect  .   (no cloak)
rCorr    .         Harm     .   (no gloves)
MR       .....                  (no boots)
Stlth    +.........             (no amulet)
HPRegen  0.15/turn              h - ring of flight
MPRegen  0.10/turn              l - ring of positive energy

@: no status effects
A: permanent stasis, dig shafts and tunnels, four strong arms, antennae 3
a: Dig, Shaft Self, Depart the Abyss, Bend Space, Renounce Religion, Evoke
Flight


You were on level 6 of the Dungeon.
You worshipped Lugonu.
Lugonu was pleased with you.
You were not hungry.

You visited 1 branch of the dungeon, and saw 4 of its levels.
You visited the Abyss 1 time.

You collected 171 gold pieces.

Inventory:

Hand Weapons
 a - a +2 hand axe (weapon)
Armour
 b - a +0 leather armour (worn)
Jewellery
 h - a ring of flight (left hand)
 l - a ring of positive energy (right hand)
Scrolls
 e - a scroll of enchant weapon
 g - 2 scrolls of remove curse
 j - a scroll of magic mapping
 k - a scroll of immolation {unknown}
 m - 3 scrolls of identify {unknown}
 n - a scroll of enchant armour {unknown}
Potions
 i - a potion of curing {unknown}
 o - a potion of flight {unknown}
Comestibles
 c - 8 rations
 f - 10 chunks of flesh


   Skills:
 - Level 6.0 Fighting
 * Level 3.1 Axes
 - Level 2.2 Armour
 - Level 0.8 Dodging
 - Level 2.1 Invocations


You had 4 spell levels left.
You didn't know any spells.
Your spell library was empty.

Dungeon Overview and Level Annotations

Branches:
Dungeon (3/15)

Altars:
Dithmenos
Hepliaklqana
Ru

Portals:
Sewer: D:6


Innate Abilities, Weirdness & Mutations

You cannot be hasted, slowed, berserked, paralysed or teleported.
You can dig through walls and to a lower floor.
Your four strong arms can wield two-handed weapons with a shield.
You have a pair of large antennae on your head. (SInv)


Message History

The giant cockroach closely misses you.
The giant cockroach bites you but does no damage.
You barely miss the giant cockroach. The giant cockroach barely misses you.
You closely miss the giant cockroach. The giant cockroach bites you.
* * * LOW HITPOINT WARNING * * *
The giant cockroach completely misses you.
You barely miss the giant cockroach.
The giant cockroach bites you but does no damage.
You hit the giant cockroach.
You kill the giant cockroach!
Lugonu accepts your kill.
You hit the rat.
The rat is moderately wounded.
You hit the river rat but do no damage.
The rat twitches its whiskers.
The river rat misses you.
You barely miss the river rat. The river rat bites you.
* * * LOW HITPOINT WARNING * * *
You barely miss the river rat. The river rat bites you!
You die...

###******** #..,,,,,,,*
***#######.#******,* *,,........#
*,* *,,........# *,* *****
*,,.≈≈≈....#######,* *,,,,
*,,≈≈≈≈≈..rrr@...#,* *,***
**,,≈≈∩≈≈..######.#,* *,* *
*,,,≈≈≈≈≈..* #.#<* *##**.♣**
***,,,.≈≈≈...* #.#####.,,,..,,
,,,,,,.......* #.#..#..***.♣**
***,,,.......* #.#..#.#* *.♣ *
*,**.#.###.**####.#..#.# ##.#
***,**,#.*,....#....#..#.###..#
,,,,,,,,,,,,.......(.......>.####


You could see a river rat and 2 rats.

Vanquished Creatures
  2 hounds
  An orc priest (D:3)
  2 oozes (D:2)
  2 dart slugs
  A leopard gecko (D:1)
  9 orcs (D:3)
  4 bats
  3 giant cockroaches
  5 goblins
  A hobgoblin (D:1)
  6 jackals (D:2)
  2 quokkas (D:2)
  2 ball pythons
  7 frilled lizards
  8 kobolds
  4 rats
59 creatures vanquished.

Notes
Turn   | Place    | Note
-------+----------+-------------------------------------------
     0 | Abyss:1  | MisterFreud the Formicid Abyssal Knight began the quest for
                  | the Orb.
     0 | Abyss:1  | Reached XP level 1. HP: 18/18 MP: 2/2
     8 | D:1      | Escaped the Abyss
   195 | D:1      | Reached XP level 2. HP: 24/25 MP: 3/3
   371 | D:1      | Reached skill level 4 in Fighting
   642 | D:1      | Reached ** piety under Lugonu
   699 | D:1      | Reached XP level 3. HP: 31/31 MP: 4/4
  1404 | D:2      | Reached skill level 5 in Fighting
  1450 | D:2      | Reached XP level 4. HP: 22/39 MP: 5/5
  2076 | D:3      | Reached skill level 6 in Fighting
  2076 | D:3      | Reached XP level 5. HP: 30/46 MP: 6/6
  2460 | D:3      | Found a sacrificial altar of Ru.
  2635 | D:3      | Noticed a shadow
  2636 | D:3      | Found a shadowy altar of Dithmenos.
  2637 | D:3      | Found a hazy altar of Hepliaklqana.
  2696 | D:3      | You fall into a shaft and drop 3 floors!
  2722 | D:6      | Found a glowing drain.
  2737 | D:6      | Slain by a river rat

Illustrated notes

Levels and vault maps discovered:
D:1:      dpeg_arrival_connections, layout_loops_ring, wad_floor_pattern_2,
          minmay_misc_feat_pillars
D:2:      layout_loops_ring
D:3:      layout_loops_ring, riverfiend_overflow_shadow_ancestor,
          overflow_temple_1_default, hangedman_decor_diamond_cutter,
          chequers_serial_rivers_marsh
D:6:      layout_basic, led_sif_pool, portal_sewer_entry_a,
          minmay_tree_intersection, uniq_blork_the_orc

Skill      XL: |  1  2  3  4  5 |
---------------+----------------+-----
Fighting       | 4 5 6 |  6.0
Axes           | 3 |  3.1
Armour         | |  2.2
Dodging        | |  0.8
Invocations    | |  2.1

Action                   |  1- 3 |  4- 6 || total
-------------------------+-------+-------++-------
Melee: Hand axe          |    92 |    86 ||   178
 Abil: Shaft Self        |       |     1 ||     1
  Use: Scroll            |       |     5 ||     5
       Potion            |       |     1 ||     1
  Eat: Chunk             |     1 |     5 ||     6
Armor: Leather armour    |    29 |    17 ||    46
Dodge: Dodged            |    70 |    47 ||   117

Table legend:
 A = Non-vault XP
 B = Vault XP
 C = Vault XP percentage of total XP
 D = Non-vault monster count
 E = Vault monster count
 F = Vault count percentage of total count
                 A         B        C        D         E       F
            +---------+---------+-------+---------+---------+-------
      Total |     241 |       2 |   0.8 |      58 |       1 |   1.7
            +---------+---------+-------+---------+---------+-------
        D:1 |      33 |       0 |   0.0 |      20 |       0 |   0.0
        D:2 |      85 |       0 |   0.0 |      19 |       0 |   0.0
        D:3 |     123 |       0 |   0.0 |      19 |       0 |   0.0
        D:6 |       0 |       2 | 100.0 |       0 |       1 | 100.0
            +---------+---------+-------+---------+---------+-------
